 Dungeon Crawl Stone Soup version 0.20.0-10-g0535bb4 (webtiles) character file.

11242 JeffiDaFish the Basher (level 11, -2/111 HPs)
             Began as a Gargoyle Fighter on June 3, 2017.
             Was the Champion of Okawaru.
             Slain by Psyche
             ... wielding a +1 dagger of distortion
              (20 damage)
             ... on level 10 of the Dungeon.
             The game lasted 00:21:30 (9765 turns).

JeffiDaFish the Basher (Gargoyle Fighter)           Turns: 9765, Time: 00:21:31

Health: -2/111     AC: 34    Str: 24    XL:     11   Next: 74%
Magic:  9/9        EV:  5    Int: 10    God:    Okawaru [******]
Gold:   107        SH: 20    Dex: 12    Spells: 10/10 levels left

rFire    + . .     SeeInvis .   t - +2 flail (protect)
rCold    + . .     Gourm    .   u - +2 large shield
rNeg     + . .     Faith    .   w - +2 plate armour {rC+}
rPois    ∞         Spirit   .   (helmet restricted)
rElec    +         Reflect  .   x - +0 cloak
rCorr    .         Harm     .   (no gloves)
MR       .....                  v - +2 pair of boots
Stlth    ..........             m - amulet of regeneration
Regen    0.7/turn               d - ring of protection from fire
MPRegen  0.2/turn               (no ring)

@: berserking (expiring), protection aura, very quick
A: horns 1, low mp 1, negative energy resistance 1, robust 1, electricity
resistance, unbreathing, evolution 1, petrification resistance, rot immunity, AC
+7
a: Heroism, Finesse, Renounce Religion


You were on level 10 of the Dungeon.
You worshipped Okawaru.
Okawaru was exalted by your worship.
You were very hungry.

You visited 1 branch of the dungeon, and saw 10 of its levels.
You also visited: Sewer.

You collected 587 gold pieces.
You spent 480 gold pieces at shops.

Inventory:

Hand Weapons
 t - a +2 flail of protection (weapon)
Armour
 p - a +0 helmet
 u - a +2 large shield (worn)
 v - a +2 pair of boots (worn)
 w - a +2 plate armour of cold resistance (worn)
 x - a +0 cloak (worn)
Jewellery
 d - a ring of protection from fire (left hand)
 m - an amulet of regeneration (around neck)
Wands
 s - a wand of iceblast (6/15)
Scrolls
 e - 5 scrolls of identify
 i - 4 scrolls of remove curse
 j - 11 scrolls of teleportation
 o - 4 scrolls of magic mapping
Potions
 a - 4 potions of flight
 c - a potion of ambrosia
 k - a potion of cancellation
 r - 3 potions of might
Comestibles
 b - a meat ration
 f - 6 bread rations
 g - 5 royal jellies
 n - 35 fruits


   Skills:
 + Level 8.2 Fighting
 + Level 11.6 Maces & Flails
 + Level 8.0 Armour
 + Level 2.9 Dodging
 + Level 1.3 Stealth
 + Level 11.1 Shields


You had 10 spell levels left.
You didn't know any spells.

Dungeon Overview and Level Annotations

Branches:
Dungeon (10/15)            Temple (0/1) D:4             Orc (0/2) D:9
   Lair: D:8-11

Altars:
Nemelex Xobeh
Okawaru
Sif Muna
Trog
Xom

Shops:
D:9 [(

Annotations:
D:10 Psyche


Innate Abilities, Weirdness & Mutations

You are resistant to torment.
Your stone body is resilient. (AC +7)
You are immune to poison.
You resist negative energy. (rN+)
You are resistant to electric shocks. (rElec)
You can survive without breathing.
You are immune to petrification.
You are immune to rotting.
You have a pair of small horns on your head.
Your magical capacity is low. (-10% MP)
You are robust. (+10% HP)
You evolve.


Message History

You barely miss Psyche.
Psyche is heavily wounded.
Psyche hits you but does no damage.
You blink.
You completely miss Psyche. Your headbutt misses Psyche.
Psyche is heavily wounded.
You block Psyche's attack.
You hit Psyche.
Psyche is severely wounded.
Psyche hits you but does no damage. Space warps horribly around you!
* * * LOW HITPOINT WARNING * * *
You barely miss Psyche. Your headbutt misses Psyche.
Psyche is severely wounded.
You block Psyche's attack.
You sock Psyche!
Psyche is almost dead.
You block Psyche's attack.
You barely miss Psyche.
Psyche is almost dead.
Psyche hits you but does no damage. Space warps horribly around you!
You die...

#######'### ###'## ##.# #...#
###### #..# ###.#### ...... #.##
#....... ...... #####'###
#....... ......##### #.......#
###.......
...h..')..###...(...####.........
.....@###.).'.......##>..#.......
...... #####...@.<.'..###.......
...... #....@..#### #.......
.?...$ #.......# #.....[. ######
#.....).# ######## #####'### #
?..# # ##### # # #


You could see Psyche.

Vanquished Creatures
  A two-headed ogre (D:8)
  An unseen horror (D:10)
  Pikel (D:8)
  An ugly thing (D:9)
  The ghost of quinnr the Basher, a novice GrFi of Qazlal (D:6)
  Joseph (D:8)
  Grinder (D:5)
  Prince Ribbit (D:5)
  A hippogriff (D:9)
  Sigmund (D:4)
  21 yaks (D:9)
  Eustachio (D:5)
  A wyvern (D:8)
  Edmund (D:4)
  A water moccasin (D:8)
  A black bear (D:7)
  2 ice beasts (D:6)
  3 orc warriors (D:9)
  3 phantoms
  2 necrophages
  7 ogres
  3 centaurs
  The ghost of Snack the Conjurer, an amateur MfCj (D:3)
  3 big kobolds
  A bullfrog (D:9)
  2 scorpions
  2 howler monkeys
  10 killer bees
  5 wights (D:9)
  A crimson imp (D:8)
  2 bullfrog zombies
  A centaur zombie (D:9)
  3 hounds
  A bullfrog skeleton (D:5)
  2 jellies (D:6)
  9 orc wizards
  An orc priest (D:9)
  2 centaur skeletons
  Natasha (thrice) (D:3)
  3 iguanas
  5 worker ants
  2 hound zombies (D:5)
  2 hound skeletons
  A worker ant zombie (D:5)
  Robin (D:4)
  5 adders
  3 gnolls (D:5)
  2 howler monkey skeletons (D:8)
  A river rat (D:6)
  7 oozes
  An adder skeleton (D:5)
  3 worms
  A dart slug (D:1)
  9 leopard geckos
  29 orcs
  13 giant cockroaches
  17 goblins
  8 hobgoblins
  6 jackals
  2 quokkas
  3 ball pythons
  16 bats
  6 frilled lizards
  A giant cockroach zombie (D:6)
  11 kobolds
  A quokka zombie (D:6)
  9 rats
273 creatures vanquished.

Vanquished Creatures (others)
  Maurice (D:8)
  2 slaves (D:8)
  A centaur (D:8)
  A quokka (D:8)
  2 plants (D:9)
7 creatures vanquished.

Grand Total: 280 creatures vanquished

Notes
Turn   | Place    | Note
-------+----------+-------------------------------------------
     0 | D:1      | JeffiDaFish the Gargoyle Fighter began the quest for the Orb.
     0 | D:1      | Reached XP level 1. HP: 14/14 MP: 1/1
    57 | D:1      | Reached XP level 2. HP: 2/19 MP: 2/2
   608 | D:1      | Reached XP level 3. HP: 22/23 MP: 3/3
  1227 | D:2      | Found an iron altar of Okawaru.
  1230 | D:2      | Became a worshipper of Warmaster Okawaru
  1965 | D:3      | Reached XP level 4. HP: 17/29 MP: 4/4
  2339 | D:3      | Noticed Snack's ghost (amateur MfCj)
  2365 | D:3      | Killed Snack's ghost
  2365 | D:3      | Reached XP level 5. HP: 22/33 MP: 5/5
  2517 | D:3      | Noticed Natasha
  2526 | D:3      | Killed Natasha
  2536 | D:3      | Reached * piety under Okawaru
  2802 | D:3      | Reached XP level 6. HP: 34/38 MP: 6/6
  2898 | D:3      | Reached skill level 1 in Dodging
  3012 | D:3      | Noticed Natasha
  3021 | D:3      | Killed Natasha
  3044 | D:3      | Noticed Natasha
  3081 | D:3      | Killed Natasha
  3364 | D:4      | Found a staircase to the Ecumenical Temple.
  3702 | D:4      | Noticed Robin
  3705 | D:4      | Reached XP level 7. HP: 42/42 MP: 7/7
  3746 | D:4      | Reached skill level 5 in Maces & Flails
  3756 | D:4      | Killed Robin
  4000 | D:4      | Noticed Edmund
  4025 | D:4      | Killed Edmund
  4025 | D:4      | Reached ** piety under Okawaru
  4025 | D:4      | Reached skill level 5 in Shields
  4062 | D:4      | Noticed Sigmund
  4068 | D:4      | Killed Sigmund
  4068 | D:4      | Reached skill level 5 in Armour
  4239 | D:5      | Entered Level 5 of the Dungeon
  4239 | D:5      | Found a sparkling altar of Nemelex Xobeh.
  4392 | D:5      | Found a deep blue altar of Sif Muna.
  4406 | D:5      | Reached XP level 8. HP: 40/48 MP: 8/8
  4533 | D:5      | Reached *** piety under Okawaru
  4639 | D:5      | Noticed Prince Ribbit
  4647 | D:5      | Killed Prince Ribbit
  4950 | D:5      | Noticed Eustachio
  4974 | D:5      | Killed Eustachio
  4974 | D:5      | Reached skill level 5 in Fighting
  5165 | D:5      | Reached XP level 9. HP: 51/54 MP: 9/9
  5192 | D:5      | Noticed Grinder
  5214 | D:5      | Killed Grinder
  5214 | D:5      | Reached **** piety under Okawaru
  5806 | D:6      | Found a glowing drain.
  5810 | Sewer    | Entered a sewer
  6668 | D:6      | Noticed quinnr's ghost (novice GrFi)
  6677 | D:6      | Killed quinnr's ghost
  6694 | D:6      | Found a shimmering altar of Xom.
  6938 | D:7      | Reached XP level 10. HP: 39/60 MP: 10/10
  7018 | D:7      | Reached ***** piety under Okawaru
  7666 | D:8      | Noticed Joseph
  7680 | D:8      | Killed Joseph
  7706 | D:8      | Gained mutation: Your magical capacity is low. (-10% MP) [potion of mutation]
  7706 | D:8      | Gained mutation: You are robust. (+10% HP) [potion of mutation]
  7706 | D:8      | Gained mutation: You evolve. [potion of mutation]
  7783 | D:8      | Noticed a two-headed ogre
  7798 | D:8      | Killed a two-headed ogre
  7798 | D:8      | Reached skill level 10 in Maces & Flails
  7944 | D:8      | Found a bloodstained altar of Trog.
  7944 | D:8      | Noticed Pikel
  7969 | D:8      | Killed Pikel
  7969 | D:8      | Received a gift from Okawaru
  8057 | D:8      | Killed Maurice
  8156 | D:8      | Found a bloodstained altar of Trog.
  8219 | D:8      | Gained mutation: You have a pair of small horns on your head. [evolution]
  8326 | D:9      | Reached skill level 1 in Stealth
  8337 | D:9      | Reached XP level 11. HP: 73/73 MP: 9/9
  8347 | D:9      | Reached ****** piety under Okawaru
  8510 | D:9      | Reached skill level 10 in Shields
  8696 | D:9      | Received a gift from Okawaru
  8817 | D:9      | Noticed a white ugly thing
  8838 | D:9      | Killed a white ugly thing
  9175 | D:9      | Found Irituexo's Weapon Boutique.
  9201 | D:9      | Found a staircase to the Orcish Mines.
  9203 | D:9      | Found Bages's Armour Boutique.
  9211 | D:9      | Bought a +2 plate armour of cold resistance for 480 gold pieces
  9461 | D:10     | Entered Level 10 of the Dungeon
  9534 | D:10     | Noticed Psyche
  9561 | D:10     | Identified a scroll of acquirement
  9693 | D:10     | Killed an unseen horror
  9765 | D:10     | Slain by Psyche

Skill      XL: |  1  2  3  4  5  6  7  8  9 10 11 |
---------------+----------------------------------+-----
Maces & Flails | 3 4 6 7 9 10 11 | 11.6
Armour         | 4 5 6 7 8 |  8.0
Shields        | 4 5 6 8 9 11 | 11.1
Dodging        | 1 2 |  2.9
Fighting       | 4 5 6 7 8 |  8.2
Stealth        | 1 |  1.3

Action                   |  1- 3 |  4- 6 |  7- 9 | 10-12 || total
-------------------------+-------+-------+-------+-------++-------
Melee: Flail             |   191 |   112 |       |   509 ||   812
       Morningstar       |       |    77 |   537 |    93 ||   707
       Headbutt          |       |       |       |    97 ||    97
  Use: Potion            |     5 |     1 |     6 |     4 ||    16
       Scroll            |     6 |     2 |     4 |     4 ||    16
  Eat: Chunk             |     4 |     6 |    11 |    10 ||    31
Armor: Scale mail        |    53 |       |       |       ||    53
       Chain mail        |   113 |   158 |   368 |   268 ||   907
       Plate armour      |       |       |       |    64 ||    64
Dodge: Dodged            |    56 |    28 |   136 |   101 ||   321
Block: Shield            |   122 |   118 |   196 |       ||   436
       Large shield      |       |       |   314 |   635 ||   949
